AoeStats
← _Orca_

African Clearing

506623708Analyzed
4v4 RM · 18d ago on Sep 14, 2026· 54m 5s· 8 players
Game mode
Random Map
Map size
Large (8 player)
Population
200
Speed
Normal
Resources
Standard
Victory
Conquest
Starting age
Dark Age
Ending age
Imperial Age
RankedLock teamsTeams togetherTeam positionsShared explorationLock speedFull tech treeHidden civsTurbo modeCheats
Victory
Defeat
🇨🇳 Mongols · China
1356
+14
🇦🇷 Khitans · Argentina
1333
+15
🇹🇷 Wu · Türkiye
1309
+16
🇯🇵 Huns · Japan
1296
+16
🇨🇳 Celts · China
1367
-18
🇧🇩 Huns · Bangladesh
1300
-15
🇨🇳 Mapuche · China
1274
-14
🇨🇳 Japanese · China
1265
-14
sisimaru1234
5:06 Loom
13:36 Feudal Age
17:36 Castle Age
15:38 Horse Collar
16:21 Double-Bit Axe
16:31 Gold Mining
17:38 Bloodlines
18:05 Scale Barding Armor
19:41 Bow Saw
20:25 Heavy Plow
23:22 Chain Barding Armor
29:19 Wheelbarrow
29:56 Stone Mining
33:13 Hand Cart
32:46 Town Watch
33:26 Husbandry
35:52 Light Cavalry
39:58 Imperial Age
38:30 Forging
40:18 Iron Casting
40:13 Fletching
40:46 Ballistics
40:10 Hussar
41:42 Plate Barding Armor
41:54 Conscription
42:12 Gold Shaft Mining
43:24 Blast Furnace
42:18 Cavalier
43:17 Bodkin Arrow
43:34 Padded Archer Armor
46:05 Two-Man Saw
46:03 Bracer
48:38 Town Patrol
48:12 Paladin
48:54 Capped Ram
50:51 Guilds
51:05 Siege Ram
123456
4:51 Loom
12:49 Feudal Age
13:42 Double-Bit Axe
22:11 Castle Age
21:50 Stone Mining
26:09 Horse Collar
29:37 Bow Saw
35:48 Gold Mining
36:49 Fletching
38:48 Bodkin Arrow
43:18 Padded Archer Armor
44:30 Wheelbarrow
46:31 Husbandry
53:16 Imperial Age
Günyüzü
8:40 Loom
13:16 Feudal Age
17:27 Castle Age
15:39 Double-Bit Axe
17:13 Gold Mining
19:17 Fletching
21:04 Horse Collar
23:33 Padded Archer Armor
24:19 Bow Saw
26:07 Wheelbarrow
25:50 Stone Mining
26:41 Heavy Plow
27:57 Leather Archer Armor
28:36 Bodkin Arrow
29:09 Ballistics
32:17 Hand Cart
33:40 Red Cliffs Tactics
37:20 Gold Shaft Mining
37:21 Stone Shaft Mining
40:30 Town Watch
43:38 Imperial Age
41:20 Town Watch
42:23 Masonry
42:56 Town Watch
43:17 Scale Mail Armor
43:28 Forging
44:03 Elite Fire Archer
45:58 Two-Man Saw
45:49 Bracer
46:47 Conscription
48:27 Town Patrol
48:25 Onager
49:33 Sitting Tiger
50:38 Chemistry
[KoA]M4GNO
11:14 Feudal Age
10:51 Loom
11:48 Double-Bit Axe
12:05 Domestication
15:06 Loom
17:37 Man-at-Arms
23:18 Castle Age
23:27 Fletching
23:37 Padded Archer Armor
23:43 Heavy Cavalry Archer
24:17 Light Cavalry
25:40 Elite Skirmisher
39:04 Bow Saw
38:59 Pastoralism
39:49 Wheelbarrow
40:00 Scale Barding Armor
40:06 Forging
41:09 Chain Barding Armor
45:20 Imperial Age
43:25 Bodkin Arrow
43:46 Leather Archer Armor
44:07 Iron Casting
46:06 Ballistics
46:47 Plate Barding Armor
45:35 Hussar
46:16 Husbandry
48:01 Two-Man Saw
47:31 Transhumance
47:18 Hand Cart
48:51 Chemistry
48:25 Ring Archer Armor
47:58 Bracer
53:38 Ring Archer Armor
仙逆许木
4:40 Loom
13:53 Feudal Age
14:40 Town Watch
17:33 Castle Age
15:58 Double-Bit Axe
16:29 Fletching
18:36 Padded Archer Armor
24:08 Horse Collar
25:28 Bow Saw
26:47 Heavy Plow
29:53 Wheelbarrow
29:15 Gold Mining
36:50 Imperial Age
34:56 Pikeman
35:37 Scale Mail Armor
35:48 Forging
36:18 Town Patrol
36:45 Hand Cart
37:07 Chain Mail Armor
37:53 Iron Casting
37:01 Capped Ram
38:36 Conscription
38:04 Siege Ram
38:18 Halberdier
39:35 Heavy Scorpion
40:59 Plate Mail Armor
41:29 Blast Furnace
41:27 Furor Celtica
42:59 Bodkin Arrow
44:25 Chemistry
44:09 Ballistics
45:40 Siege Engineers
51:58 Treadmill Crane
2265138721
10:38 Loom
12:43 Feudal Age
17:39 Castle Age
16:25 Double-Bit Axe
19:59 Fletching
_Orca_
3:41 Loom
11:43 Feudal Age
14:35 Fletching
18:46 Padded Archer Armor
24:05 Castle Age
22:29 Double-Bit Axe
22:25 Horse Collar
24:14 Gold Mining
24:25 Crossbowman
30:40 Town Watch
32:34 Bodkin Arrow
32:55 Leather Archer Armor
33:56 Wheelbarrow
34:16 Bow Saw
37:02 Bloodlines
36:53 Husbandry
41:37 Imperial Age
41:43 Heavy Cavalry Archer
44:08 Parthian Tactics
44:09 Ballistics
45:28 Bracer
47:57 Chemistry
47:58 Thumb Ring
47:43 Capped Ram
48:16 Pikeman
48:56 Squires
49:44 Scale Barding Armor
49:50 Forging
50:18 Gold Shaft Mining
49:35 Stone Mining
mipolin
11:11 Loom
13:07 Feudal Age
15:51 Double-Bit Axe
18:19 Castle Age
16:13 Fletching
19:40 Bow Saw
20:16 Bloodlines
20:08 Husbandry
20:38 Bodkin Arrow
21:56 Padded Archer Armor
24:40 Horse Collar
26:58 Ballistics
27:46 Heavy Plow
30:53 Leather Archer Armor
34:00 Imperial Age
34:51 Gold Mining
35:53 Parthian Tactics
37:06 Elite Skirmisher
Connection lost

Rejoining the realm…

Still unreachable

The connection could not be restored.

Session expired

The server has moved on; the page needs a fresh start.